 Dungeon Crawl Stone Soup version 0.26-a0-639-g72c4674329 (webtiles) character file.

Game seed: 18266234518999173249

6353 Ijustatesigmund the Slinger (level 11, -10/75 HPs)
             Began as a Halfling Hunter on Sept 17, 2020.
             Was a Priest of Cheibriados.
             Mangled by an orc warrior
             ... wielding a +0 war axe
              (17 damage)
             ... on level 10 of the Dungeon.
             The game lasted 00:27:14 (9166 turns).

Ijustatesigmund the Slinger (Halfling Hunter)       Turns: 9166, Time: 00:27:15

Health: -10/75     AC: 22    Str: 21    XL:     11   Next: 17%
Magic:  16/16      EV: 21    Int: 16    God:    Cheibriados [***...]
Gold:   456        SH:  0    Dex: 24    Spells: 10/10 levels left

rFire    . . .     SeeInvis .   b - +2 rapier (protect)
rCold    + . .     Faith    .   (shield restricted)
rNeg     . . .     Spirit   .   u - +4 ring mail of Wisdom {rC+ Str+2 Stlth-}
rPois    .         Reflect  .   (no helmet)
rElec    .         Harm     .   q - +1 cloak
rCorr    .         Rampage  .   e - +2 pair of gloves
MR       .....                  (no boots)
Stlth    ++........             (no amulet)
HPRegen  0.22/turn              B - +4 ring of evasion
MPRegen  0.15/turn              (no ring)

@: mighty, protection aura, very slow
A: small, talons 1, mutation resistance 1
a: Bend Time, Temporal Distortion, Renounce Religion


You were on level 10 of the Dungeon.
You worshipped Cheibriados.
Cheibriados was most pleased with you.
You visited 2 branches of the dungeon, and saw 11 of its levels.

You collected 456 gold pieces.

Inventory:

Hand Weapons
 a - a +3 hunting sling
 b - a +2 rapier of protection (weapon)
 m - the +1 dagger of Noniu {freeze, rN+ Str+4}
   (You found it on level 5 of the Dungeon)

   It has been specially enchanted to freeze those struck by it, causing extra
   injury to most foes and up to half again as much damage against particularly
   susceptible opponents.
   It can also slow down cold-blooded creatures.
   It affects your strength (+4).
   It protects you from negative energy.
 r - a +2 scimitar of flaming
Missiles
 d - 21 sling bullets
 f - 348 stones (quivered)
 E - 3 throwing nets
Armour
 c - a +1 chain mail
 e - a +2 pair of gloves (worn)
 q - a +1 cloak (worn)
 t - +0 steam dragon scales
 u - the +4 ring mail of Wisdom (worn) {rC+ Str+2 Stlth-}
   (You found it on level 5 of the Dungeon)

   It affects your strength (+2).
   It protects you from cold.
   It makes you less stealthy.
Jewellery
 B - a +4 ring of evasion (left hand)
 D - an uncursed ring of fire
 H - a +4 ring of evasion
Wands
 i - a wand of flame (21)
 l - a wand of disintegration (5)
Scrolls
 g - 2 scrolls of fog
 h - 5 scrolls of remove curse
 s - 2 scrolls of magic mapping
 v - 2 scrolls of immolation
Potions
 j - 2 potions of brilliance
 n - 2 potions of magic
 o - 3 potions of flight
 p - a potion of ambrosia
 x - 3 potions of stabbing
 z - 2 potions of curing
 C - a potion of lignification


   Skills:
 + Level 7.1 Fighting
 - Level 8.2 Short Blades
 + Level 11.1 Slings
 - Level 5.2 Armour
 - Level 4.0 Dodging
 - Level 6.2 Stealth
 + Level 7.3 Invocations
 - Level 2.0 Evocations


You had 10 spell levels left.
You didn't know any spells.
Your spell library contained the following spells:

 Spells                   Type           Power        Failure   Level
 Sandblast                Erth           #.....       36%         1
 Passwall                 Tmut/Erth      #.......     52%         2
 Stone Arrow              Conj/Erth      #.....       75%         3
 Petrify                  Tmut/Erth      #.......     98%         4
 Lee's Rapid Deconstruct  Erth           #.........   100%        5


Dungeon Overview and Level Annotations

Branches:
Dungeon (10/15)            Temple (1/1) D:5
   Lair: D:8-11         Orc: D:9-12

Altars:
Ashenzari
Cheibriados
Dithmenos
Elyvilon
Fedhas
Gozag
Hepliaklqana
Kikubaaqudgha
Makhleb
Nemelex Xobeh
Okawaru
Qazlal
Ru
Sif Muna
Trog
Uskayaw
Vehumet
Wu Jian
Xom
Yredelemnul
Zin
The Shining One

Annotations:
D:10 Nergalle


Innate Abilities, Weirdness & Mutations

You are small and have problems with some larger weapons.
You are somewhat resistant to further mutation.
You have sharp toenails.


Message History

It was a potion of might.
You feel very mighty all of a sudden.
The orc warrior hits you but does no damage.
The centaur misses you.
You hit the orc warrior but do no damage.
You claw the orc warrior, but do no damage.
The orc warrior is severely wounded.
The centaur closely misses you. The orc warrior misses you.
You completely miss the orc warrior.
The orc warrior is severely wounded.
The centaur misses you.
The spectral orc warrior completely misses you.
The orc warrior barely misses you.
You puncture Nergalle! You claw Nergalle.
Nergalle is almost dead.
The spectral orc warrior barely misses you.
You hit Nergalle. You claw Nergalle, but do no damage.
Nergalle is almost dead.
The orc warrior hits you with a +0 war axe!
You die... . .. .. #. .$ # #Z###Z# #co@oo# #####s# #

You could see Nergalle, a spectral orc (summoned), a spectral orc warrior (summoned), an orc warrior, a centaur, a scorpion and an orc.

Vanquished Creatures
  Harold (D:7)
  Joseph (D:7)
  Maggie (D:6)
  A hippogriff (D:4)
  9 yaks
  Eustachio (D:6)
  2 wraiths (D:7)
  2 orc warriors
  An ice beast (D:4)
  A hornet zombie (D:9)
  A sky beast (D:5)
  A black bear (D:4)
  3 ogres
  2 necrophages
  2 centaurs
  4 bullfrogs
  A troll zombie (D:7)
  A water moccasin skeleton (D:8)
  6 killer bees (D:8)
  3 wights (D:7)
  A howler monkey (D:4)
  3 hounds
  A jelly (D:8)
  4 orc priests
  A gnoll shaman (D:5)
  4 human zombies (D:7)
  2 bullfrog skeletons
  An iguana (D:7)
  Jessica (D:2)
  Ijyb (D:3)
  A human skeleton (D:7)
  4 worker ants
  Natasha (thrice) (D:2)
  7 orc wizards
  Terence (D:2)
  2 hound zombies
  9 gnolls (D:5)
  5 adders
  6 shadow imps
  3 white imps
  An ufetubus (D:7)
  2 oozes (D:3)
  2 adder zombies
  2 adder skeletons
  A worm (D:2)
  3 dart slugs
  7 leopard geckos
  21 orcs
  3 giant cockroaches
  10 goblins
  3 hobgoblins
  4 jackals (D:4)
  7 kobolds
  2 quokkas
  2 ball pythons
  8 bats
  3 frilled lizards
  A jackal zombie (D:5)
  9 rats
195 creatures vanquished.

Vanquished Creatures (others)
  A yak (D:10)
1 creature vanquished.

Grand Total: 196 creatures vanquished

Notes
Turn   | Place    | Note
-------+----------+-------------------------------------------
     0 | D:1      | Ijustatesigmund the Halfling Hunter began the quest for the
                  | Orb.
     0 | D:1      | Reached XP level 1. HP: 14/14 MP: 1/1
    90 | D:1      | Reached skill level 6 in Slings
   142 | D:1      | Reached XP level 2. HP: 19/19 MP: 2/2
   585 | D:2      | Noticed Jessica
   589 | D:2      | Killed Jessica
   589 | D:2      | Reached XP level 3. HP: 25/25 MP: 3/3
   633 | D:2      | Reached XP level 4. HP: 30/30 MP: 4/4
   637 | D:2      | Reached skill level 7 in Slings
   699 | D:2      | Noticed Natasha
   715 | D:2      | Killed Natasha
   715 | D:2      | Reached XP level 5. HP: 14/36 MP: 5/5
   759 | D:2      | Noticed Natasha
   765 | D:2      | Killed Natasha
   883 | D:2      | Noticed Natasha
   887 | D:2      | Killed Natasha
   992 | D:2      | Noticed Terence
   997 | D:2      | Killed Terence
   997 | D:2      | Reached skill level 8 in Slings
  1011 | D:2      | Found a sparkling altar of Nemelex Xobeh.
  1011 | D:2      | Found a glowing silver altar of Zin.
  1015 | D:2      | Found a sacrificial altar of Ru.
  1021 | D:2      | Found an ornate altar of the Wu Jian Council.
  1022 | D:2      | Found a shimmering blue altar of Sif Muna.
  1169 | D:2      | Found a white marble altar of Elyvilon.
  1429 | D:3      | Noticed Ijyb
  1436 | D:3      | Killed Ijyb
  1436 | D:3      | Reached XP level 6. HP: 43/43 MP: 6/6
  1494 | D:3      | You fall into a shaft and drop 3 floors!
  1495 | D:6      | Noticed a sky beast
  1498 | D:5      | Entered Level 5 of the Dungeon
  1544 | D:5      | HP: 1/43 [gnoll/+0 spear (3)]
  1763 | D:5      | Reached skill level 1 in Armour
  1870 | D:5      | Found a burning altar of Makhleb.
  1877 | D:5      | Got a crude dagger
  1878 | D:5      | Identified the cursed +1 dagger of Noniu {freeze, rN+
                  | Str+4} (You found it on level 5 of the Dungeon)
  1971 | D:4      | Noticed a hippogriff
  2014 | D:4      | Noticed an ice beast
  2133 | D:4      | Killed a hippogriff
  2133 | D:4      | Reached XP level 7. HP: 29/49 MP: 7/7
  2816 | D:4      | Reached skill level 5 in Fighting
  3308 | D:3      | Found a blossoming altar of Fedhas.
  3568 | D:4      | Reached XP level 8. HP: 53/55 MP: 8/8
  4087 | D:5      | Reached skill level 9 in Slings
  4605 | D:6      | Noticed Maggie
  4608 | D:6      | Gained mutation: You have sharp toenails. [potion of
                  | mutation]
  4627 | D:6      | Killed Maggie
  4627 | D:6      | Reached skill level 5 in Armour
  5026 | D:5      | Reached XP level 9. HP: 62/62 MP: 9/9
  5031 | D:5      | Reached skill level 1 in Short Blades
  5132 | D:5      | Got a brightly glowing ring mail
  5143 | D:5      | Identified the +4 ring mail of Wisdom {rC+ Str+2 Stlth-}
                  | (You found it on level 5 of the Dungeon)
  5403 | D:5      | Found a staircase to the Ecumenical Temple.
  5571 | Temple   | Entered the Ecumenical Temple
  5881 | D:6      | Found a glowing golden altar of the Shining One.
  5948 | D:6      | Found a snail-covered altar of Cheibriados.
  5948 | D:6      | Found a glowing golden altar of the Shining One.
  5951 | D:6      | Became a worshipper of Cheibriados the Contemplative
  6019 | D:6      | Noticed Eustachio
  6037 | D:6      | Killed Eustachio
  6037 | D:6      | Reached skill level 5 in Short Blades
  6037 | D:6      | Reached skill level 1 in Invocations
  6490 | D:7      | Found an ancient bone altar of Kikubaaqudgha.
  6678 | D:7      | Noticed a +0 dagger
  6679 | D:7      | Found a hide-covered altar of Uskayaw.
  6680 | D:7      | Noticed a +0 dagger
  6724 | D:7      | Found a radiant altar of Vehumet.
  6728 | D:7      | Reached * piety under Cheibriados
  6793 | D:7      | Found an opulent altar of Gozag.
  7036 | D:7      | Noticed Harold
  7082 | D:7      | Killed Harold
  7082 | D:7      | Reached skill level 5 in Stealth
  7082 | D:7      | Reached skill level 5 in Invocations
  7082 | D:7      | Reached XP level 10. HP: 53/68 MP: 11/13
  7387 | D:7      | Noticed Joseph
  7413 | D:7      | Killed Joseph
  7947 | D:8      | Reached ** piety under Cheibriados
  8100 | D:8      | Reached skill level 10 in Slings
  8857 | D:9      | Reached skill level 1 in Evocations
  8925 | D:9      | Reached XP level 11. HP: 74/74 MP: 14/16
  9042 | D:10     | Entered Level 10 of the Dungeon
  9130 | D:10     | Reached *** piety under Cheibriados
  9138 | D:10     | Reached skill level 11 in Slings
  9159 | D:10     | Noticed Nergalle
  9166 | D:10     | Mangled by an orc warrior

Illustrated notes

Levels and vault maps discovered:
D:1:      moated_graveyard_arrival, layout_basic
D:2:      layout_rooms, lemuel_doored_altar, grunt_temple_overflow_open,
          uniq_natasha, uniq_jessica, uniq_terence
D:3:      layout_basic, nicolae_overflow_crystal_walls, grunt_decor_fettered,
          chequers_mini_garden, minmay_misc_feat_roman, kennysheep_donut,
          uniq_ijyb
D:4:      black_bear_nest_1, layout_layer_cave
D:5:      layout_cave_pools, bloody_makhleb, minmay_temple_entry_proselytizer
D:6:      cheibrodos_iron_armory, layout_rooms,
          gammafunk_temple_overflow_elements, basic_altar, uniq_maggie,
          uniq_eustachio
D:7:      layout_basic, lemuel_mausoleum_altar_kikubaaqudgha,
          dancing_weapons_uskayaw, nicolae_gozag_seed_capital,
          vehumet_altar_wand_db, uniq_joseph, uniq_harold
D:8:      layout_loops_ring, nicolae_sextant
D:9:      layout_cave_pods, david_orc_5, cheibriados_altar_1
D:10:     minmay_chambers_of_sixes, layout_loops_ring, uniq_nergalle
Temple:   grunt_temple_mini_profane

Skill      XL: |  1  2  3  4  5  6  7  8  9 10 11 |
---------------+----------------------------------+-----
Slings         | 6 7 8 9 10 11 | 11.1
Fighting       | 2 3 4 5 6 7 |  7.1
Armour         | 2 3 5 |  5.2
Dodging        | 3 4 |  4.0
Short Blades   | 7 8 |  8.2
Stealth        | 5 6 |  6.2
Invocations    | 5 6 7 |  7.3
Evocations     | 2 |  2.0

Action                   |  1- 3 |  4- 6 |  7- 9 | 10-12 || total
-------------------------+-------+-------+-------+-------++-------
Melee: Rapier            |       |       |   165 |    32 ||   197
       Kick              |       |       |    79 |    16 ||    95
       Scimitar          |       |       |       |     5 ||     5
 Fire: Hunting sling     |    51 |   165 |   316 |   222 ||   754
Evoke: Wand              |       |       |     7 |    16 ||    23
  Use: Scroll            |       |    10 |    12 |     8 ||    30
       Potion            |       |     1 |     4 |     4 ||     9
 Stab: Distracted        |       |       |       |     1 ||     1
       Invisible         |       |       |       |     1 ||     1
Armor: Ring mail         |     2 |     6 |    66 |    43 ||   117
       Chain mail        |       |    19 |    64 |       ||    83
       Skin              |       |       |       |    12 ||    12
Dodge: Dodged            |     3 |    25 |   204 |   164 ||   396

Table legend: (Time is in decaauts)
 A = Elapsed time spent in this place.
 B = Non-inter-level travel time spent in this place.
 C = Inter-level travel time spent in this place.
 D = Time resting spent in this place.
 E = Time spent auto-exploring this place.
 F = Levels seen in this place.
 G = Mean time per level.
                   A        B        C        D        E       F      G
               +--------+--------+--------+--------+--------+-----+--------+
         Total |   9543 |   9216 |    327 |   2082 |   5459 |  11 |  867.5 |
       Dungeon |   9359 |   9055 |    304 |   2082 |   5299 |  10 |  935.9 |
        Temple |    183 |    160 |     23 |      0 |    160 |   1 |  183.0 |
               +--------+--------+--------+--------+--------+-----+--------+

Top non-repeatable levels by time:
     D:8: 1511 daAuts
     D:4: 1372 daAuts
     D:5: 1357 daAuts
     D:6: 1319 daAuts
     D:7: 1308 daAuts
     D:2: 774 daAuts
     D:3: 690 daAuts
     D:1: 581 daAuts
     D:9: 332 daAuts
  Temple: 183 daAuts
    D:10: 111 daAuts
